Map: Kairos Junction LE

Players

Lambo - Winner!

  • Race: Zerg Zerg
  • League: Master
  • Spawn Location: 5:00

IIIIIIIIIIII

  • Race: Protoss Protoss
  • League: Master
  • Spawn Location: 11:00

VOD

Have the link to the VOD?

Description

Time

  • Played on: Jan. 24, 2019, 9:30 a.m.
  • Length: 14:24
Show
View Real Time Build Order
Export as new Build Order

Lambo Zerg - Winner!

Build Orders: Hatch First, Swarm Host 

Get SALT Encoding   

  12  0:00  Drone  
  13  0:12  Overlord  
  13  0:17  Drone  
  14  0:30  Drone  
  15  0:42  Drone  
  16  0:48  Hatchery  
  15  0:50  Drone  
  15  0:54  Drone  
  17  0:59  Drone  
  18  1:08  Extractor  
  17  1:13  Spawning Pool  
  17  1:16  Drone  
  17  1:20  Drone  
  18  1:29  Drone  
  19  1:39  Drone  
  20  1:49  Overlord  
  20  2:00  Queen  
  20  2:01  Queen, Zergling x4  
  26  2:10  Metabolic Boost  
  26  2:12  Drone x2  
  28  2:24  Drone x2  
  30  2:38  Drone, Hatchery  
  30  2:42  Drone  
  31  2:45  Drone  
  32  2:54  Overlord, Queen  
  34  3:02  Drone x2  
  35  3:12  Drone  
  36  3:13  Drone  
  36  3:14  Drone x4  
  36  3:19  Drone  
  41  3:22  Spore Crawler  
  41  3:27  Overlord  
  39  3:28  Drone x2  
  41  3:34  Queen  
  43  3:47  Overlord  
  43  3:50  Drone  
  43  3:51  Drone x5  
  49  3:56  Spore Crawler  
  49  3:59  Extractor, Queen  
  50  4:04  Overlord  
  50  4:05  Zergling x8  
  54  4:11  Zergling x6  
  57  4:17  Roach Warren  
  57  4:18  Drone x2  
  58  4:28  Drone x5  
  62  4:36  Drone  
  62  4:37  Drone  
  64  4:39  Lair  
  64  4:40  Drone x2  
  64  4:44  Extractor  
  65  4:46  Extractor, Drone  
  65  4:47  Drone  
  65  4:48  Overlord  
  66  4:53  Evolution Chamber  
  66  4:55  Overlord  
  66  4:57  Drone  
  65  5:00  Drone  
  65  5:08  Drone  
  65  5:09  Drone  
  65  5:11  Drone  
  65  5:12  Drone x5  
  72  5:23  Overlord  
  81  5:29  Overlord  
  81  5:31  Overlord  
  81  5:32  Zerg Missile Weapons Level 1  
  81  5:35  Overlord  
  81  5:45  Queen x2  
  81  5:46  Drone x6  
  81  5:49  Extractor, Drone x3  
  83  5:50  Extractor  
  83  5:52  Drone x3  
  83  5:55  Drone x2  
  83  5:56  Drone x2  
  89  5:57  Drone  
  89  6:01  Hydralisk Den  
  89  6:02  Queen  
  89  6:03  Extractor  
  90  6:04  Infestation Pit  
  90  6:08  Drone x3, Spore Crawler  
  91  6:14  Drone  
  91  6:16  Spore Crawler  
  91  6:18  Drone x2  
  92  6:24  Drone x4  
  91  6:28  Drone  
  91  6:32  Drone x2  
  89  6:34  Grooved Spines  
  89  6:36  Drone  
  89  6:37  Baneling Nest  
  89  6:38  Spore Crawler  
  88  6:44  Roach x2  
  92  6:48  Roach  
  92  6:52  Roach  
  96  6:59  Roach  
  96  7:00  Roach  
  100  7:03  Roach  
  100  7:04  Roach x3  
  100  7:08  Roach  
  104  7:10  Roach  
  104  7:13  Roach  
  104  7:15  Overlord  
  104  7:16  Overlord x2  
  104  7:19  Overlord  
  98  7:26  Roach x3  
  98  7:27  Roach  
  101  7:34  Hatchery, Roach x2  
  97  7:41  Roach x3  
  96  7:49  Roach x2  
  96  7:50  Roach  
  102  7:58  Zerg Missile Weapons Level 2  
  102  8:08  Drone  
  103  8:13  Swarm Host x3  
  103  8:15  Swarm Host x2  
  118  8:21  Swarm Host x2  
  118  8:24  Swarm Host  
  127  8:33  Swarm Host x3  
  135  8:38  Overlord  
  135  8:39  Overlord  
  135  8:40  Overlord  
  135  8:43  Roach x2  
  135  8:46  Overlord x2  
  135  8:47  Swarm Host  
  138  8:52  Swarm Host  
  141  8:56  Swarm Host x2  
  141  8:58  Overlord  
  141  8:59  Swarm Host  
  141  9:01  Ravager x2  
  152  9:04  Roach  
  152  9:07  Ravager x2, Roach  
  156  9:11  Roach x2  
  156  9:12  Roach  
  166  9:17  Roach x3  
  166  9:21  Roach x2  
  166  9:23  Roach  
  170  9:28  Roach x2  
  170  9:30  Roach  
  167  9:32  Roach x2  
  167  9:37  Roach x2  
  164  9:40  Roach  
  164  9:42  Roach  
  152  9:46  Roach  
  152  9:47  Roach  
  129  10:08  Roach Warren, Hydralisk x3  
  129  10:13  Hydralisk x2  
  133  10:16  Hydralisk  
  133  10:21  Hydralisk  
  125  10:40  Overlord  
  120  10:47  Hydralisk x5  
  130  10:57  Roach x2  
  130  11:04  Roach  
  136  11:07  Ravager  
  137  11:11  Roach  
  137  11:12  Roach x2  
  137  11:15  Roach  
  137  11:18  Roach  
  147  11:24  Roach  
  147  11:25  Roach x2  
  153  11:27  Roach  
  155  11:33  Roach x2  
  155  11:36  Roach  
  157  11:46  Roach x4  
  165  12:01  Roach x4  
  170  12:08  Roach x4  
  178  12:12  Roach  
  180  12:21  Roach x3  
  162  12:23  Roach  
  164  12:30  Roach x3  
  164  12:36  Roach  
  160  12:41  Roach  
  160  12:42  Roach  
  146  12:47  Roach  
  140  12:51  Queen  
  140  12:54  Roach x2  
  134  12:59  Roach  
  134  13:03  Roach x2  
  128  13:11  Roach  
  130  13:17  Roach x3  
  134  13:30  Extractor  
  134  13:31  Roach x3  
  134  13:32  Extractor  
  138  13:35  Roach x2  
  138  13:39  Roach  
  144  13:47  Roach x2  
  148  13:51  Roach  
  150  13:56  Roach x2  
  146  14:03  Roach  
Show
View Real Time Build Order
Export as new Build Order

IIIIIIIIIIII Protoss 

Build Orders: 1 Gate Expand, Oracle Opening, Phoenix Opening, Mass Phoenix, Zealot Archon 

Get SALT Encoding   

  12  0:00  Probe  
  13  0:13  Probe  
  14  0:17  Pylon  
  14  0:24  Probe  
  15  0:32  Probe  
  15  0:40  Probe  
  16  0:44  Gateway  
  16  0:46  Assimilator  
  17  0:51  Probe  
  18  1:03  Probe  
  19  1:15  Probe  
  20  1:23  Nexus  
  20  1:33  Cybernetics Core  
  20  1:37  Probe  
  21  1:42  Assimilator  
  21  1:49  Probe  
  21  1:52  Pylon  
  22  2:01  Adept, Probe  
  23  2:13  Probe  
  23  2:15  Stargate  
  26  2:23  Warp Gate  
  26  2:24  Adept  
  26  2:25  Probe  
  27  2:35  Probe  
  29  2:39  Probe  
  29  2:44  Probe  
  31  2:51  Probe  
  31  2:52  Adept  
  31  2:54  Probe  
  31  2:55  Phoenix  
  35  3:04  Probe  
  38  3:06  Probe  
  38  3:12  Pylon  
  39  3:16  Probe  
  39  3:18  Probe  
  41  3:23  Oracle  
  42  3:28  Probe  
  42  3:30  Probe  
  42  3:32  Gateway  
  44  3:36  Assimilator  
  44  3:39  Assimilator  
  44  3:40  Probe  
  45  3:42  Probe  
  46  3:50  Stargate  
  46  3:52  Probe  
  46  3:54  Probe  
  48  4:04  Probe  
  48  4:06  Probe, Pylon  
  48  4:07  Phoenix  
  52  4:13  Pylon  
  52  4:16  Probe  
  53  4:18  Probe  
  54  4:26  Phoenix  
  54  4:29  Phoenix  
  54  4:34  Probe x2  
  58  4:42  Adept, Pylon  
  58  4:43  Adept  
  62  4:46  Probe x2  
  62  4:47  Phoenix  
  66  4:54  Twilight Council  
  66  4:55  Phoenix  
  66  4:58  Probe x2  
  66  4:59  Pylon  
  68  5:05  Resonating Glaives  
  70  5:09  Adept x2  
  70  5:10  Pylon  
  74  5:24  Phoenix x2  
  78  5:35  Nexus  
  78  5:41  Adept x2  
  82  5:44  Pylon  
  82  5:50  Probe x2  
  84  6:02  Adept x2, Probe x2  
  90  6:10  Pylon  
  90  6:14  Probe x2  
  92  6:31  Adept x2  
  92  6:34  Probe x2  
  94  6:40  Templar Archives  
  94  6:41  Charge  
  94  6:43  Gateway  
  94  6:45  Gateway  
  94  6:47  Gateway  
  94  6:48  Gateway  
  94  6:50  Probe  
  94  6:51  Probe x2  
  95  7:03  Probe x3  
  95  7:05  Gateway  
  95  7:07  Gateway  
  94  7:15  Robotics Facility, Zealot x2  
  95  7:29  Probe x2  
  96  7:30  Probe  
  90  7:38  Zealot  
  90  7:39  Zealot x2  
  90  7:41  Probe x2  
  90  7:42  Assimilator, Probe  
  90  7:43  Assimilator  
  90  7:44  Gateway  
  97  7:45  Gateway  
  97  7:48  High Templar x2  
  97  7:49  Zealot  
  103  7:51  Pylon  
  103  7:53  Shield Battery, Warp Prism  
  103  7:55  Archon  
  103  7:59  Pylon  
  103  8:00  Probe x3  
  103  8:02  High Templar x3  
  103  8:03  High Templar, Pylon  
  116  8:07  Archon x2  
  116  8:08  Zealot  
  116  8:09  Zealot  
  120  8:13  Shield Battery  
  120  8:16  Immortal  
  120  8:22  Pylon  
  120  8:24  High Templar x2  
  124  8:28  Archon  
  128  8:36  Zealot x6  
  128  8:40  High Templar  
  128  8:41  High Templar  
  144  8:43  Nexus  
  144  8:46  Archon  
  144  8:49  Observer  
  144  8:52  Pylon  
  145  8:57  Zealot x5  
  145  8:59  High Templar  
  119  9:35  Immortal, Zealot x10  
  119  9:38  Probe x3  
  126  9:55  Zealot x4  
  126  9:56  Zealot x5  
  126  9:58  Zealot  
  134  10:03  Psionic Storm  
  134  10:06  Immortal  
  106  10:28  High Templar x3  
  106  10:29  High Templar x5  
  106  10:30  Zealot x2  
  106  10:32  Probe  
  106  10:33  Forge, Probe x3  
  126  10:36  Immortal  
  126  10:37  Assimilator  
  126  10:39  Assimilator  
  128  10:57  Shield Battery  
  128  10:58  Shield Battery  
  128  10:59  Probe x4  
  128  11:02  Pylon  
  128  11:03  High Templar x2  
  136  11:04  Zealot x5  
  136  11:05  Zealot  
  136  11:07  Immortal, Archon  
  136  11:10  Protoss Ground Weapons Level 1  
  148  11:15  High Templar x2  
  156  11:21  Archon  
  156  11:29  High Templar  
  156  11:30  Zealot x5  
  164  11:35  Warp Prism  
  140  11:42  Zealot x2  
  141  11:50  Shield Battery, High Templar x2  
  141  11:51  Shield Battery  
  141  11:53  Shield Battery, Zealot  
  141  11:54  Zealot x3  
  155  11:55  Archon  
  155  11:56  Zealot  
  147  12:03  Immortal, High Templar x2, Zealot  
  147  12:08  Archon  
  153  12:14  High Templar x2  
  137  12:25  Archon  
  137  12:27  Zealot x6  
  131  12:33  Immortal  
  115  12:37  Zealot x2  
  115  12:48  High Templar x4  
  115  12:49  Zealot x4  
  121  12:52  Archon  
  121  12:53  Archon  
  111  13:00  Zealot x2  
  103  13:10  High Templar x2  
  103  13:11  High Templar x2  
  103  13:12  Immortal  
  107  13:14  Archon  
  107  13:15  Archon  
  101  13:20  Probe x4  
  101  13:22  Zealot x6  
  116  13:31  Shield Battery  
  116  13:34  Pylon  
  116  13:37  Shield Battery  
  116  13:39  Warp Prism  
  116  13:44  High Templar x4  
  116  13:45  Zealot x5  
  116  13:47  Zealot  
  136  13:51  Archon x2  
  120  14:08  Zealot x6  
  98  14:17  Zealot x4  
Tags
 
Add a new tag
Caveats
  • Supply blocks, unpowered buildings, or Contaminate may cause inaccurate times.
  • Supply counts are checked every 10 seconds.